 Dungeon Crawl Stone Soup version 0.22.1-1-ga44c0e5 (webtiles) character file.

39115 inc the Spry (level 13, -13/64 HPs)
             Began as a Felid Monk on Oct 28, 2018.
             Was an Initiate of Gozag.
             Mangled by a death yak (47 damage)
             ... on level 6 of the Lair of Beasts.
             The game lasted 01:34:56 (44231 turns).

inc the Spry (Felid Monk)                          Turns: 44231, Time: 01:34:57

Health: -13/64     AC:  3    Str:  7    XL:     13   Next: 67%
Magic:  36/36      EV: 37    Int: 17    God:    Gozag
Gold:   1440       SH:  0    Dex: 27    Spells: 0/31 levels left
                                        Lives:  0   Deaths: 4

rFire    + . .     SeeInvis +     - Unarmed
rCold    + + +     Gourm    .   (shield unavailable)
rNeg     . . .     Faith    .   (armour unavailable)
rPois    .         Spirit   .   (helmet unavailable)
rElec    .         Reflect  .   (cloak unavailable)
rCorr    .         Harm     .   (gloves unavailable)
MR       +++..                  (boots unavailable)
Stlth    +++++++...             (no amulet)
HPRegen  0.20/turn              E - ring of Sovereignty {rF+ rC++ MP+9 Slay+3}
MPRegen  0.25/turn              R - ring of the Mage {Wiz MR++ Int+3}

@: sleeping, quick
A: very small, no armour, no weapons or thrown items, stealth, claws 1, fangs 3,
thin skeletal structure 1, see invisible, agile 1, carnivore, clever 1, speed 1,
shaggy fur 3, slow metabolism 1, sharp paws
a: Potion Petition, Call Merchant, Bribe Branch, Renounce Religion


You were on level 6 of the Lair of Beasts.
You worshipped Gozag.
Gozag was most pleased with you.
You were hungry.

You visited 4 branches of the dungeon, and saw 24 of its levels.
You also visited: Labyrinth, Sewer, Bailey and Ice Cave.

You collected 8528 gold pieces.
You spent 2411 gold pieces at shops.
You paid 4677 gold pieces to Gozag.

Inventory:

Jewellery
 c - an uncursed ring of poison resistance
 t - an uncursed ring of fire
 E - the ring of Sovereignty (left paw) {rF+ rC++ MP+9 Slay+3}
   (You bought it in a shop on level 9 of the Dungeon)

   [ring of magical power]

   It affects your accuracy and damage with ranged weapons and melee attacks
   (+3).
   It protects you from fire.
   It greatly protects you from cold.
   It affects your magic capacity (+9).
 F - an uncursed ring of fire
 L - an uncursed ring of resist corrosion
 M - a +4 ring of strength
 N - an uncursed amulet of faith
 P - an uncursed ring of attention
 Q - an uncursed amulet of harm
 R - the ring of the Mage (right paw) {Wiz MR++ Int+3}
   (You bought it in a shop on level 9 of the Dungeon)

   [ring of wizardry]

   It improves your spell success rate.
   It affects your intelligence (+3).
   It affects your resistance to hostile enchantments.
Wands
 l - a wand of polymorph (27)
 r - a wand of iceblast (18)
 s - a wand of acid (28)
 y - a wand of random effects (92)
 z - a wand of paralysis (37)
 K - a wand of disintegration (14)
 V - a wand of flame (67)
Scrolls
 a - 2 scrolls of enchant weapon {unknown}
 b - 10 scrolls of remove curse
 d - 2 scrolls of amnesia
 e - a scroll of summoning {unknown}
 f - 3 scrolls of fog
 g - 7 scrolls of teleportation
 i - 2 scrolls of acquirement {unknown}
 j - a scroll of silence {unknown}
 n - 2 scrolls of immolation
 u - 2 scrolls of noise {unknown}
 x - a scroll of holy word {unknown}
 A - 3 scrolls of blinking
 G - 2 scrolls of random uselessness {unknown}
 H - 2 scrolls of brand weapon {unknown}
 I - 2 scrolls of enchant armour
 O - 2 scrolls of magic mapping
 T - 5 scrolls of identify
Potions
 h - 3 potions of brilliance
 k - 9 potions of haste
 m - 12 potions of curing
 o - 2 potions of agility
 p - 3 potions of resistance
 q - 6 potions of magic
 v - 4 potions of flight
 w - 2 potions of lignification
 B - 2 potions of might
 C - 2 potions of invisibility
 D - a potion of ambrosia
 J - 2 potions of cancellation
 S - a potion of degeneration
 W - a potion of heal wounds
Miscellaneous
 U - a phantom mirror
Comestibles
 X - a ration


   Skills:
 - Level 11.9 Fighting
 - Level 17.1 Dodging
 - Level 12.9 Stealth
 - Level 10.4 Unarmed Combat
 - Level 9.8 Spellcasting
 - Level 8.4 Charms
 - Level 8.5 Transmutations
 - Level 2.8 Ice Magic
 - Level 2.0 Air Magic
 + Level 4.3 Earth Magic
 - Level 4.5 Poison Magic


You couldn't memorise any spells.
You knew the following spells:

 Your Spells              Type           Power        Failure   Level  Hunger
a - Poisonous Vapours     Pois/Air       ###...       1%          2    None
b - Ozocubu's Armour      Chrm/Ice       ####....     1%          3    None
c - Spider Form           Tmut/Pois      ####......   1%          3    None
d - Ice Form              Ice/Tmut       ####....     3%          4    ###....
e - Summon Butterflies    Summ           #.......     3%          1    None
f - Regeneration          Chrm/Necr      ###.......   1%          3    None
g - Olgreb's Toxic Radia  Pois           ###.....     5%          4    ###....
h - Blade Hands           Tmut           #####.....   2%          5    #####..
i - Statue Form           Tmut/Erth      ####.....    34%         6    ######.

Your spell library contained the following spells:

 Spells                   Type           Power        Failure   Level  Hunger
 Beastly Appendage        Tmut           #####.       1%          1    None
 Freeze                   Ice            ###.         1%          1    None
 Infusion                 Chrm           ####         1%          1    None
 Sting                    Conj/Pois      ###.         1%          1    None
 Shroud of Golubria       Chrm/Tloc      ###.......   1%          2    None
 Song of Slaying          Chrm           #####...     1%          2    None
 Sticks to Snakes         Tmut           #####...     1%          2    None
 Animate Skeleton         Necr           N/A          3%          1    None
 Apportation              Tloc           #.....       3%          1    None
 Confusing Touch          Hex            #.....       3%          1    None
 Magic Dart               Conj           #...         3%          1    None
 Summon Small Mammal      Summ           #...         3%          1    None
 Throw Frost              Conj/Ice       ##....       3%          2    None
 Mephitic Cloud           Conj/Pois/Air  ###.....     4%          3    None
 Blink                    Tloc           N/A          5%          2    None
 Call Imp                 Summ           #.......     5%          2    None
 Slow                     Hex            #.......     5%          2    None
 Call Canine Familiar     Summ           #.......     11%         3    None
 Conjure Flame            Conj/Fire      #.......     11%         3    None
 Gell's Gravitas          Tloc           #.........   11%         3    None
 Lesser Beckoning         Tloc           #.........   11%         3    None
 Summon Guardian Golem    Hex/Summ       #.......     11%         3    None
 Teleport Other           Tloc           #.......     11%         3    None
 Leda's Liquefaction      Hex/Erth       ###.......   14%         4    ###....
 Summon Ice Beast         Ice/Summ       ##......     19%         4    ###....
 Throw Icicle             Conj/Ice       ##......     19%         4    ###....
 Summon Lightning Spire   Summ/Air       ##......     22%         4    ###....
 Passage of Golubria      Tloc           N/A          32%         4    ###....
 Venom Bolt               Conj/Pois      ###.......   34%         5    #####..
 Bolt of Magma            Conj/Fire/Erth ##........   45%         5    #####..
 Summon Mana Viper        Hex/Summ       #.......     65%         5    #####..
 Iron Shot                Conj/Erth      ###.......   89%         6    ######.
 Summon Hydra             Summ           #.........   100%        7    #######
 Shatter                  Erth           ###.......   100%        9    #######
 Spectral Weapon          Hex/Chrm       Unusable     N/A         3    N/A

Dungeon Overview and Level Annotations

Branches:
Dungeon (15/15)            Temple (1/1) D:4            Lair (6/6) D:10
  Swamp (0/4) Lair:3        Snake (0/4) Lair:3        Slime (0/5) Lair:5
    Orc (2/2) D:12            Elf (0/3) Orc:2        Vaults (0/5) D:13
 Depths (0/5) D:15

Altars:
Ashenzari
Cheibriados
Dithmenos
Elyvilon
Fedhas
Gozag
Hepliaklqana
Kikubaaqudgha
Makhleb
Nemelex Xobeh
Okawaru
Qazlal
Ru
Sif Muna
Trog
Uskayaw
Vehumet
Wu Jian
Xom
Yredelemnul
Zin
The Shining One
Beogh

Shops:
D:4 *   D:5 [   D:9 *=:   D:15 %   Orc:1 =!?   Orc:2 *=[(   Lair:5 :

Annotations:
D:5 Grinder
Lair:1 exclusion: 2 oklob plants


Innate Abilities, Weirdness & Mutations

You cannot wear armour.
You are incapable of wielding weapons or throwing items.
Your paws allow you to move quietly. (Stealth)
You have sharp claws.
You have razor-sharp teeth.
You have supernaturally acute eyesight. (SInv)
You are carnivorous and can eat meat at any time.
You cover ground quickly.
Your thick and shaggy fur keeps you warm. (AC +3, rC+)
You have a slow metabolism.
Your sharp claws are effective at attacking unaware monsters.
You have a somewhat thin skeletal structure. (Dex +2, Stealth)
You are agile. (Dex +2)
Your mind is acute. (Int +2)


Message History

You punch the death yak! You freeze the death yak.
The death yak is lightly wounded.
You warm up again.
The death yak closely misses you.
You barely miss the death yak.
The death yak bellows!
You bite the death yak, but do no damage.
The death yak is lightly wounded.
The wolf completely misses you. The death yak closely misses you.
You scratch the death yak.
The death yak is moderately wounded.
The wolf bites you but does no damage. The yak closely misses you.
The wolf misses you. The death yak gores you!
The dream sheep shakes its wool and sparkles.
You feel drowsy...
You fall asleep.
The wolf completely misses you. The yak completely misses you.
The death yak gores you!!!
Ouch! That really hurt!
You die...
Your body crumbles into a pile of gold.

##..## .....
######..#.## .....
#..#P......## ##.....
##.........).####......
#P....................#
#.............#.....#.
#.<...............##.
#..h.......(.....###.
.hY.#Y@...........## ##
YY.#YY............# ##
Y..Y##...........# #.
...#H. ##..........# #P
##... #..........# #.
..#. .##.......#.# ##
.... .........### #
.... ........P# #
#..##....## ##


You could see 3 death yaks, a hippogriff, a yak, a wolf and a dream sheep.

Vanquished Creatures
  2 orc warlords
  Nessos (Lair:4)
  A stone giant (D:12)
  A white draconian (IceCv)
  A minotaur (Lab)
  7 hydras
  A vault guard (D:13)
  A catoblepas (D:14)
  5 centaur warriors
  A two-headed ogre (D:10)
  3 tengu warriors
  A death yak (IceCv)
  An orc high priest (Orc:2)
  Urug (Lair:5)
  Sonja (Lair:4)
  Nergalle (Orc:1)
  A glowing orange brain (D:15)
  2 unseen horrors
  Pikel (D:9)
  4 orc knights (Orc:2)
  A wolf spider zombie (D:14)
  8 ugly things
  2 orc sorcerers (Orc:2)
  2 cyclopes (D:13)
  2 manticores (D:13)
  Maurice (Orc:1)
  A centaur zombie (D:12)
  A black mamba (Lair:6)
  An ice statue (IceCv)
  13 elephants
  2 gargoyles
  6 spiny frogs
  5 komodo dragons
  3 rime drakes (D:14)
  A tengu conjurer (D:14)
  7 trolls
  A hornet (Lair:4)
  22 polar bears
  3 meliai (D:11)
  6 slime creatures
  12 blink frogs
  7 dream sheep
  16 hippogriffs
  A hippogriff (shapeshifter) (D:15)
  A meliai zombie (D:14)
  A redback (shapeshifter) (D:15)
  A shadow (D:15)
  8 wyverns
  3 wraiths (D:11)
  A spriggan (D:8)
  A vampire (D:13)
  13 basilisks
  3 hungry ghosts
  45 yaks
  2 wargs
  8 water moccasins
  An acid dragon (D:12)
  5 porcupines
  6 sky beasts
  4 phantoms
  6 ice beasts
  36 orc warriors
  A black bear (D:8)
  An eye of draining (D:10)
  2 necrophages
  14 ogres
  A slave (D:9)
  20 centaurs
  37 wolves
  A centaur (shapeshifter) (D:15)
  11 crocodiles
  5 big kobolds
  12 bullfrogs
  Blork the orc (Orc:2)
  4 gnoll sergeants
  4 wyvern skeletons
  2 scorpions
  4 killer bees (D:9)
  8 wights
  6 electric eels
  A howler monkey (D:6)
  4 jellies
  4 crimson imps
  2 quasits
  A bullfrog zombie (D:12)
  3 centaur skeletons
  5 hounds
  14 orc priests
  22 orc wizards
  2 bullfrog skeletons
  Jessica (D:3)
  4 iguanas
  10 worker ants
  A killer bee zombie (D:10)
  2 centaur simulacra
  A hound zombie (D:5)
  A hound skeleton (D:7)
  22 gnolls
  9 adders
  3 river rats (Sewer)
  5 shadow imps
  A white imp (D:10)
  An ufetubus (D:10)
  An ooze (D:3)
  An adder skeleton (D:3)
  An adder zombie (D:6)
  3 worms
  4 leopard geckos
  83 orcs
  3 ball pythons
  6 giant cockroaches
  10 goblins
  7 hobgoblins
  14 jackals
  14 kobolds
  2 quokkas
  6 bats
  5 frilled lizards
  A leopard gecko skeleton (D:6)
  A leopard gecko zombie (D:5)
  A quokka skeleton (D:7)
  A quokka zombie (D:5)
  10 rats
  2 plants (Lair:2)
735 creatures vanquished.

Vanquished Creatures (others)
  2 slaves (D:9)
  A black bear (D:9)
  An orc priest (D:9)
  5 orcs
  8 fungi
  12 plants
29 creatures vanquished.

Grand Total: 764 creatures vanquished

Notes
Turn   | Place    | Note
-------+----------+-------------------------------------------
     0 | D:1      | inc the Felid Monk began the quest for the Orb.
     0 | D:1      | Reached XP level 1. HP: 10/10 MP: 2/2
    91 | D:1      | Reached XP level 2. HP: 7/14 MP: 3/3
   677 | D:1      | Reached XP level 3. HP: 17/17 MP: 4/4
  2046 | D:2      | Reached skill level 5 in Unarmed Combat
  2046 | D:2      | Reached XP level 4. HP: 21/21 MP: 5/5
  2538 | D:3      | Noticed Jessica
  2556 | D:3      | Killed Jessica
  2556 | D:3      | Reached XP level 5. HP: 24/24 MP: 6/6
  3618 | D:4      | Gained mutation: You are covered in thick fur. (AC +2)
                  | [Felid growth]
  3618 | D:4      | Reached XP level 6. HP: 26/28 MP: 7/7
  3782 | D:4      | Found a staircase to the Ecumenical Temple.
  3789 | Temple   | Entered the Ecumenical Temple
  3900 | Temple   | Became a worshipper of Gozag Ym Sagoz the Greedy
  4279 | D:4      | Found an opulent altar of Gozag.
  4284 | D:4      | Found Gozag's Platinum Reserve.
  4392 | D:5      | Entered Level 5 of the Dungeon
  4730 | D:5      | Found Ditefis's Antique Armour Shop.
  4841 | D:5      | Reached XP level 7. HP: 27/31 MP: 8/8
  4856 | D:5      | Found a glowing drain.
  4881 | Sewer    | Entered a sewer
  5080 | Sewer    | Found a white marble altar of Elyvilon.
  5245 | D:5      | Slain by an ogre
  5246 | D:5      | Reached XP level 6. HP: -2/28 MP: 7/7
  5299 | D:5      | Noticed Grinder
  5510 | D:4      | Gained mutation: You are robust. (+10% HP) [potion of
                  | mutation]
  5510 | D:4      | Gained mutation: You occasionally shout uncontrollably at
                  | your foes. [potion of mutation]
  5510 | D:4      | Gained mutation: Potions are less effective at restoring
                  | your health. [potion of mutation]
  5510 | D:4      | Gained mutation: Your spells are a little harder to cast,
                  | but a little more powerful. [potion of mutation]
  5511 | D:4      | Lost mutation: Your spells are a little harder to cast, but
                  | a little more powerful. [potion of mutation]
  5511 | D:4      | Lost mutation: You are robust. (+10% HP) [potion of
                  | mutation]
  5511 | D:4      | Lost mutation: You occasionally shout uncontrollably at
                  | your foes. [potion of mutation]
  5511 | D:4      | Gained mutation: Your mind is acute. (Int +2) [potion of
                  | mutation]
  5511 | D:4      | Gained mutation: Your body sometimes deteriorates upon
                  | taking damage. [potion of mutation]
  5511 | D:4      | Gained mutation: You have a somewhat thin skeletal
                  | structure. (Dex +2, Stealth) [potion of mutation]
  5511 | D:4      | Gained mutation: You expend magic power (3 MP) to
                  | strengthen your wands. [potion of mutation]
  5512 | D:4      | Lost mutation: Your mind is acute. (Int +2) [potion of
                  | mutation]
  5512 | D:4      | Lost mutation: You expend magic power (3 MP) to strengthen
                  | your wands. [potion of mutation]
  5512 | D:4      | Lost mutation: Potions are less effective at restoring your
                  | health. [potion of mutation]
  5512 | D:4      | Lost mutation: Your body sometimes deteriorates upon taking
                  | damage. [potion of mutation]
  5512 | D:4      | Gained mutation: You are agile. (Dex +2) [potion of
                  | mutation]
  5512 | D:4      | Gained mutation: Your mind is acute. (Int +2) [potion of
                  | mutation]
  5681 | D:6      | Reached skill level 5 in Dodging
  5681 | D:6      | Reached XP level 7. HP: 31/31 MP: 8/8
  5754 | D:6      | Reached skill level 6 in Dodging
  6144 | D:6      | Reached skill level 7 in Dodging
  6615 | D:6      | Reached skill level 8 in Dodging
  7020 | D:7      | Reached XP level 8. HP: 15/34 MP: 9/9
  7200 | D:7      | Found a flagged portal.
  7272 | Bailey   | Entered a bailey
  7328 | Bailey   | Reached skill level 9 in Dodging
  7500 | Bailey   | Reached skill level 10 in Dodging
  7742 | Bailey   | Learned a level 2 spell: Poisonous Vapours
  7785 | Bailey   | Reached skill level 1 in Air Magic
  7785 | Bailey   | Reached skill level 1 in Poison Magic
  8657 | Bailey   | Reached skill level 1 in Spellcasting
  8929 | Bailey   | Reached XP level 9. HP: 37/37 MP: 2/13
  9863 | Bailey   | Reached skill level 5 in Spellcasting
 10212 | D:7      | Found an iron altar of Okawaru.
 10553 | D:7      | Found a glowing golden altar of the Shining One.
 10571 | D:7      | Reached skill level 5 in Fighting
 12018 | D:8      | Reached XP level 10. HP: 33/46 MP: 19/19
 12423 | D:9      | Noticed Pikel
 12428 | D:9      | Killed Pikel
 13636 | D:9      | Found Nyagg's Assorted Antiques.
 13828 | D:10     | Entered Level 10 of the Dungeon
 13883 | D:10     | Found a staircase to the Lair.
 14162 | D:10     | Reached skill level 10 in Fighting
 14619 | D:10     | Noticed a two-headed ogre
 14648 | D:10     | Killed a two-headed ogre
 14648 | D:10     | Reached XP level 11. HP: 55/55 MP: 20/20
 14716 | D:10     | Noticed an ogre mage
 15087 | D:10     | Found a stormy altar of Qazlal.
 15252 | D:10     | Reached skill level 11 in Dodging
 15514 | D:10     | Noticed a five-headed hydra
 15998 | D:11     | Noticed a purple ugly thing
 16011 | D:11     | Killed a purple ugly thing
 16011 | D:11     | Reached skill level 12 in Dodging
 16501 | D:11     | Killed from afar by a meliai
 16502 | D:11     | Reached XP level 10. HP: -1/78 MP: 19/19
 16565 | Lair:1   | Entered Level 1 of the Lair of Beasts
 16611 | Lair:1   | Noticed an oklob plant
 16611 | Lair:1   | Noticed an oklob plant
 16626 | Lair:1   | Noticed a spiny frog
 16644 | Lair:1   | Killed a spiny frog
 16644 | Lair:1   | Reached skill level 13 in Dodging
 17117 | Lair:1   | Learned a level 1 spell: Summon Butterflies
 17328 | Lair:1   | Noticed an elephant
 17332 | Lair:1   | Noticed an elephant
 17333 | Lair:1   | Noticed an elephant
 17415 | Lair:1   | Killed an elephant
 17415 | Lair:1   | Reached skill level 14 in Dodging
 17792 | Lair:1   | Killed an elephant
 17792 | Lair:1   | Reached XP level 11. HP: 30/55 MP: 20/20
 18101 | D:11     | Noticed a skeletal warrior
 18438 | D:9      | Bought the ring of Sovereignty {rF+ rC++ MP+9 Slay+3} for
                  | 833 gold pieces
 19577 | Lair:2   | Noticed a six-headed hydra
 19676 | Lair:2   | HP: 1/55 [blink frog (11)]
 21554 | Lair:3   | Found a staircase to the Swamp.
 21561 | Lair:3   | Found a staircase to the Snake Pit.
 21561 | Lair:3   | Noticed an eight-headed hydra
 21599 | Lair:3   | Reached skill level 5 in Stealth
 21854 | Lair:3   | Killed an eight-headed hydra
 22672 | Lair:3   | Noticed a seven-headed hydra
 22672 | Lair:3   | Noticed an eight-headed hydra
 23517 | Lair:4   | Reached skill level 10 in Stealth
 23588 | Lair:4   | Noticed Nessos
 23597 | Lair:4   | Killed Nessos
 23597 | Lair:4   | Gained mutation: Your thick and shaggy fur keeps you warm.
                  | (AC +3, rC+) [Felid growth]
 23597 | Lair:4   | Reached XP level 12. HP: 60/60 MP: 23/23
 24532 | Lair:4   | Noticed Sonja
 24552 | Lair:4   | Killed Sonja
 25662 | Lair:5   | Found a staircase to the Slime Pits.
 25721 | Lair:5   | Noticed Urug
 25797 | Lair:5   | Killed Urug
 25806 | Lair:5   | Bought a book of Changes for 425 gold pieces
 25963 | Lair:5   | Noticed a five-headed hydra
 26243 | Lair:5   | Killed a five-headed hydra
 26243 | Lair:5   | Reached skill level 15 in Dodging
 26619 | Lair:6   | Entered Level 6 of the Lair of Beasts
 26634 | Lair:6   | Found a labyrinth entrance.
 26645 | Lab      | Entered a labyrinth
 26842 | Lab      | Noticed a minotaur
 26845 | Lab      | Killed a minotaur
 26847 | Lab      | Found the +8 longbow "Zephyr" {speed, Dex+3 SInv}
 27314 | D:11     | Learned a level 3 spell: Spider Form
 28033 | D:12     | Reached skill level 16 in Dodging
 28690 | D:9      | Bought the ring of the Mage {Wiz MR++ Int+3} for 672 gold
                  | pieces
 28690 | D:9      | Found the ring of the Mage {Wiz MR++ Int+3}
 29137 | D:12     | Reached XP level 13. HP: 46/63 MP: 24/24
 29329 | D:12     | Found a staircase to the Orcish Mines.
 29458 | D:12     | Learned a level 3 spell: Ozocubu's Armour
 29755 | D:12     | Reached skill level 17 in Dodging
 31279 | D:13     | Found a gate to the Vaults.
 32496 | D:14     | Found a frozen archway.
 32502 | IceCv    | Entered an ice cave
 33268 | IceCv    | Reached skill level 10 in Unarmed Combat
 33633 | IceCv    | Learned a level 4 spell: Ice Form
 33820 | IceCv    | Reached skill level 1 in Transmutations
 34273 | IceCv    | Noticed a white draconian
 34285 | IceCv    | Reached skill level 1 in Charms
 34293 | IceCv    | Reached skill level 1 in Ice Magic
 34311 | IceCv    | Killed a white draconian
 34729 | D:14     | Reached XP level 14. HP: 63/67 MP: 28/28
 35132 | D:14     | Learned a level 3 spell: Regeneration
 35219 | D:14     | Reached skill level 5 in Charms
 35427 | D:14     | Found a shimmering altar of Xom.
 35437 | D:14     | Found a glowing silver altar of Zin.
 35437 | D:14     | Found a glowing golden altar of the Shining One.
 35456 | D:14     | Found a bloodstained altar of Trog.
 35456 | D:14     | Found a shadowy altar of Dithmenos.
 35456 | D:14     | Found a hide-covered altar of Uskayaw.
 35460 | D:14     | HP: 1/67 [catoblepas (18)]
 35460 | D:14     | Slain by a phantom
 35461 | D:14     | Reached XP level 13. HP: -3/63 MP: 33/36
 35592 | D:15     | Entered Level 15 of the Dungeon
 36028 | D:15     | Found Imatogie's Food Emporium.
 36086 | D:15     | Reached skill level 5 in Transmutations
 36752 | D:15     | Found a staircase to the Depths.
 37987 | Orc:1    | Entered Level 1 of the Orcish Mines
 37987 | Orc:1    | Noticed a stone giant
 38005 | D:12     | Learned a level 4 spell: Olgreb's Toxic Radiance
 38058 | Orc:1    | HP: 2/63 [orc warrior/short sword (20)]
 38471 | D:12     | Killed a stone giant
 38736 | Orc:1    | Noticed Nergalle
 38747 | Orc:1    | Killed Nergalle
 38765 | Orc:1    | Noticed Maurice
 38783 | Orc:1    | Killed Maurice
 38810 | Orc:1    | Found Loteot's Magic Scroll Shoppe.
 38810 | Orc:1    | Found a roughly hewn altar of Beogh.
 38819 | Orc:1    | Bought a scroll of magic mapping for 52 gold pieces
 39003 | Orc:1    | Noticed an orc warlord
 39059 | Orc:1    | Killed an orc warlord
 39059 | Orc:1    | Reached XP level 14. HP: 56/67 MP: 0/28
 39231 | Orc:1    | Bought a potion of curing for 39 gold pieces
 39231 | Orc:1    | Bought a potion of heal wounds for 65 gold pieces
 39231 | Orc:1    | Bought a potion of heal wounds for 65 gold pieces
 39231 | Orc:1    | Bought 2 potions of haste for 260 gold pieces
 39469 | Orc:2    | Entered Level 2 of the Orcish Mines
 39572 | Orc:2    | Noticed Blork the orc
 39592 | Orc:2    | Killed Blork the orc
 40009 | Orc:2    | Noticed an orc warlord
 40275 | Orc:1    | Learned a level 5 spell: Blade Hands
 40486 | Orc:2    | Found a roughly hewn altar of Beogh.
 40499 | Orc:2    | Demolished by an orc warlord
 40500 | Orc:2    | Reached XP level 13. HP: -16/64 MP: 23/36
 40707 | Orc:2    | Killed an orc warlord
 40718 | Orc:2    | Found Azub's Antique Weapon Emporium.
 41265 | Orc:2    | Found Jexzoegg's Antique Armour Emporium.
 41394 | Orc:2    | Found Eghiqugi's General Store.
 41409 | Orc:2    | Found Nohakoz's Jewellery Emporium.
 41608 | Orc:2    | Found a staircase to the Elven Halls.
 42233 | Lair:2   | Learned a level 6 spell: Statue Form
 42686 | Lair:6   | Reached skill level 1 in Earth Magic
 44231 | Lair:6   | Mangled by a death yak

Skill      XL: |  1  2  3  4  5  6  7  8  9 10 11 12 13 14 |
---------------+-------------------------------------------+-----
Unarmed Combat | 4 5 6 9 10 | 10.4
Dodging        | 5 8 10 14 12 16 17 | 17.1
Air Magic      | 2 |  2.0
Poison Magic   | 2 4 |  4.5
Spellcasting   | 2 5 7 9 |  9.8
Fighting       | 6 11 | 11.9
Stealth        | 11 12 | 12.9
Transmutations | 8 4 |  8.5
Charms         | 8 6 |  8.4
Ice Magic      | 1 2 |  2.8
Earth Magic    | 4 |  4.3

Action                   |  1- 3 |  4- 6 |  7- 9 | 10-12 | 13-15 || total
-------------------------+-------+-------+-------+-------+-------++-------
Melee: Unarmed           |   115 |   162 |   410 |  1091 |  1196 ||  2974
       Bite              |    11 |    18 |    60 |   183 |    64 ||   336
       Punch             |     2 |     4 |    21 |    72 |    30 ||   129
 Cast: Poisonous Vapours |       |       |    69 |    69 |    83 ||   221
       Spider Form       |       |       |       |    11 |    42 ||    53
       Ozocubu's Armour  |       |       |       |       |    60 ||    60
       Olgreb's Toxic Ra |       |       |       |       |    22 ||    22
       Ice Form          |       |       |       |       |    23 ||    23
       Blade Hands       |       |       |       |       |     9 ||     9
       Regeneration      |       |       |       |       |     8 ||     8
Invok: Call Merchant     |       |       |       |     3 |     2 ||     5
       Potion Petition   |       |       |       |       |     1 ||     1
 Abil: End Transformatio |       |       |       |       |     2 ||     2
  Use: Scroll            |       |     3 |     6 |    20 |     2 ||    31
       Potion            |       |     3 |    10 |     8 |     5 ||    26
 Stab: Sleeping          |     8 |     6 |     7 |    60 |    25 ||   106
       Distracted        |     1 |     1 |     4 |     8 |    25 ||    39
       Petrifying        |       |       |       |       |     1 ||     1
       Petrified         |       |       |       |       |     1 ||     1
  Eat: Chunk             |     1 |     4 |       |       |       ||     5
       Ration            |       |     2 |     9 |    17 |    19 ||    47
Armor: Skin              |     3 |     4 |     6 |    26 |    62 ||   101
Dodge: Dodged            |    69 |   109 |   390 |  1186 |  1360 ||  3114
